 Dungeon Crawl Stone Soup version 0.26.1-11-gd32895ea62 (webtiles) character file.

Game seed: 8158762876420225292

251630 dtburroughs the Severer (level 18, 0/160 (172) HPs)
             Began as a Minotaur Berserker on May 30, 2021.
             Was a High Priest of Trog.
             Slain by an Executioner (3 damage)
             ... summoned by Asterion
             ... on level 2 of the Vaults.
             The game lasted 03:30:29 (63538 turns).

dtburroughs the Severer (Minotaur Berserker)       Turns: 63538, Time: 03:30:29

HP:   0/160 (172)   AC: 19    Str: 26    XL:     18   Next: 94%
MP:   17/17         EV: 17    Int:  7    God:    Trog [*****.]
Gold: 3344          SH: 13    Dex: 11    Spells: 17/17 levels left

rFire    + . .     SeeInvis .   q - +5 broad axe (flame)
rCold    + . .     Faith    .   G - +0 kite shield {reflect}
rNeg     . . .     Spirit   .   S - +5 ring mail {rPois}
rPois    +         Reflect  +   (helmet restricted)
rElec    .         Harm     .   d - scarf {rC+ rF+}
rCorr    +         Rampage  .   f - +2 pair of gloves
Will     ++...                  x - +0 pair of boots
Stlth    +.........             J - amulet of reflection
HPRegen  0.36/turn              K - ring of willpower
MPRegen  0.15/turn              m - ring of resist corrosion

@: drained
A: retaliatory headbutt, horns 2
}: 2/15 runes: decaying, gossamer
a: Renounce Religion, Berserk, Trog's Hand, Brothers in Arms


You were on level 2 of the Vaults.
You worshipped Trog.
Trog was extremely pleased with you.
You visited 6 branches of the dungeon, and saw 33 of its levels.
You also visited: Wizlab.

You collected 3619 gold pieces.
You spent 275 gold pieces at shops.

Inventory:

Hand Weapons
 q - a +5 broad axe of flaming (weapon)
 s - a +2 executioner's axe
 v - a +3 great mace of venom
 N - a +3 antimagic broad axe
 U - a +6 eveningstar
Armour
 d - a scarf of resistance (worn)
 f - a +2 pair of gloves (worn)
 x - a +0 pair of boots (worn)
 y - a +1 plate armour of fire resistance
 G - a +0 kite shield of reflection (worn)
 S - a +5 ring mail of poison resistance (worn)
Jewellery
 m - a ring of resist corrosion (right hand)
 E - a +4 ring of slaying
 J - an amulet of reflection (around neck)
 K - a ring of willpower (left hand)
Wands
 b - a wand of polymorph (14)
 k - a wand of disintegration (10)
 C - a wand of flame (39)
 F - a wand of enslavement (28)
 H - a wand of digging (10)
Scrolls
 c - 11 scrolls of remove curse
 e - a scroll of enchant weapon
 g - 13 scrolls of identify
 i - 9 scrolls of magic mapping
 j - a scroll of torment {unknown}
 n - 3 scrolls of fog
 o - 8 scrolls of fear
 t - 19 scrolls of teleportation
 M - a scroll of holy word {unknown}
 O - 7 scrolls of immolation
 Q - 3 scrolls of silence
 Z - 2 scrolls of vulnerability
Potions
 h - 5 potions of might
 l - a potion of magic {unknown}
 p - 3 potions of mutation
 r - 5 potions of haste
 u - 3 potions of curing
 w - 5 potions of flight
 A - 8 potions of ambrosia
 D - a potion of berserk rage {unknown}
 I - 6 potions of lignification
 L - 3 potions of attraction
 P - 4 potions of invisibility
 W - 2 potions of cancellation
Miscellaneous
 a - a tin of tremorstones (inert)
 B - a condenser vane (inert)
 T - a box of beasts (inert)


   Skills:
 + Level 18.1 Fighting
 + Level 18.2 Axes
 + Level 18.1 Armour
 + Level 16.8 Dodging
 + Level 14.1 Evocations


You had 17 spell levels left.
You didn't know any spells.
Your spell library was empty.

Dungeon Overview and Level Annotations

Branches:
Dungeon (15/15)            Temple (0/1) D:4            Lair (6/6) D:10
  Swamp (4/4) Lair:2       Spider (4/4) Lair:2        Slime (0/5) Lair:5
    Orc (2/2) D:11            Elf (0/3) Orc:2        Vaults (2/5) D:13
 Depths (0/5) D:15         WizLab (visited)
  Crypt: Vaults:2-3

Altars:
Ashenzari
Dithmenos
Makhleb
Ru
Trog
Beogh

Shops:
D:7 !   D:10 =   D:13 =!(:(   Orc:2 ::(   Vaults:1 (   Vaults:2 :[

Portals:
Trove: D:11 (give horn of Geryon)

Annotations:
D:9 2 transporters
D:10 1 runed translucent door
D:12 3 runed translucent doors
Lair:1 exclusion: oklob plant
Lair:2 2 transporters, Diggabert's ghost, novice DEIE
Swamp:4 Lernaean hydra
Spider:1 2 transporters, corevian's ghost, adept MiFi
Spider:4 3 runed translucent doors, robloxmaster's ghost, adept MiBe
Vaults:2 Asterion


Innate Abilities, Weirdness & Mutations

You reflexively headbutt those who attack you in melee.
You have a pair of horns on your head.


Message History

The Executioner misses you. Asterion hits you but does no damage.
You feel drained. Asterion gores you!
* * * LOW HITPOINT WARNING * * *
The Executioner barely misses you. You furiously retaliate!
You headbutt the Executioner!
The Executioner hits you but does no damage. x2
Your ogre misses the Executioner.
As you read the scroll of fog, it crumbles to dust.
The scroll dissolves into smoke.
You block the Executioner's attack.
The Executioner hits you but does no damage.
The Executioner misses you. The Executioner hits you!
* * * LOW HITPOINT WARNING * * *
The Executioner hits you but does no damage.
The Executioner hits you!
* * * LOW HITPOINT WARNING * * *
You block Asterion's attack. Asterion completely misses you.
Your ogre closely misses the Executioner.
The Executioner hits you but does no damage.
The Executioner hits you.
You die...

#.........######## #
#.........###########
#....................
#....................
#..............#+####
#..............#
#.§§§§.........#
#..§§§.........#
#..O@§.........#
#..H1§.........#
#..H........
#..§§§..).∩.
#..§°§...)..
#.§§§§..§§§o
#.§§§...§§§.
#.§§§...§§§.
#.........#


You could see Asterion (fast, very poisoned), an orc knight (strong, fleeing),
an Executioner (summoned, fast), a friendly elder oxfire beast (summoned) and a
friendly ogre (summoned, berserk).

Vanquished Creatures
  Mara (Swamp:3)
  Donald (Swamp:2)
  Aizul (Swamp:3)
  4 emperor scorpions
  3 ghost moths (Spider:4)
  A stone giant (Vaults:2)
  2 ironheart preservers
  A deep elf demonologist (Vaults:2)
  A bunyip (Swamp:1)
  8 entropy weavers
  2 spark wasps
  5 eleionomae
  Josephine (D:10)
  A ragged hierophant (Vaults:2)
  A yaktaur captain (Vaults:1)
  Snorg (Lair:5)
  A fire dragon (Vaults:1)
  Erolcha (D:11)
  An ice dragon (Vaults:1)
  A shambling mangrove (Lair:2)
  4 vault guards (D:13)
  21 hydras
  A rakshasa (Vaults:1)
  A death knight (Vaults:1)
  A ghost crab (Swamp:3)
  9 boulder beetles
  6 centaur warriors
  4 catoblepae
  13 two-headed ogres
  11 alligators
  7 dancing weapons (Spider:3)
  3 ogre magi
  10 death yaks
  A tengu warrior (D:14)
  2 deep troll earth magi (Vaults:1)
  Urug (D:10)
  5 orc high priests
  Sonja (D:10)
  A shock serpent (shapeshifter) (D:15)
  A deep elf knight (Vaults:2)
  A fire crab (shapeshifter) (Vaults:2)
  4 skeletal warriors
  A spriggan druid (Swamp:4)
  5 goliath frogs
  An unseen horror (shapeshifter) (Spider:4)
  3 deep trolls (Vaults:1)
  An unseen horror (Vaults:1)
  13 swamp dragons
  A wolf spider zombie (D:15)
  A lindwurm (Lair:6)
  A wizard (Swamp:1)
  6 ironbrand convokers
  An orc sorcerer (Vaults:2)
  16 orb spiders
  3 deep elf magi
  7 ugly things
  9 cyclopes
  8 orc knights
  4 will-o-the-wisps
  36 wolf spiders
  4 manticores
  3 elephants (Lair:6)
  3 black mambas
  3 centaur zombies
  2 moths of wrath
  A vault sentinel (Vaults:1)
  4 torpor snails (Spider:1)
  12 cane toads
  3 rime drakes
  A rime drake (shapeshifter) (Vaults:2)
  3 freezing wraiths
  15 yaktaurs (Vaults:1)
  9 komodo dragons
  18 demonic crawlers
  5 trolls
  A tengu conjurer (D:15)
  38 jumping spiders
  2 polar bears
  13 hornets
  5 tyrant leeches
  A saltling (Vaults:2)
  3 bloated husks
  4 blink frogs
  5 slime creatures (Vaults:1)
  83 redbacks
  7 spriggans
  2 vampires (D:15)
  A shadow (D:15)
  7 wraiths
  2 yaks (shapeshifter)
  Sigmund (D:2)
  54 yaks
  5 wyverns
  7 basilisks
  A golden eye (Spider:4)
  44 tarantellas
  A hog (Swamp:3)
  A basilisk (shapeshifter) (D:15)
  4 humans (D:9)
  A steam dragon (D:8)
  15 vampire mosquitoes
  12 swamp worms
  4 wargs
  2 acid dragons
  Duvessa (D:6)
  24 water moccasins
  A black bear (D:10)
  30 orc warriors
  6 swamp drakes
  5 ice beasts
  3 eyes of draining
  4 phantoms
  14 centaurs
  13 ogres
  A wolf (D:9)
  Blork the orc (D:5)
  24 bullfrogs
  A water moccasin zombie (D:7)
  A wyvern zombie (D:8)
  A gnoll sergeant (D:9)
  2 wyvern skeletons
  5 scorpions
  Dowan (D:6)
  15 wights
  7 electric eels
  A howler monkey (D:9)
  8 jellies
  A quasit (D:8)
  A bullfrog zombie (D:11)
  7 centaur skeletons
  10 hounds
  28 orc priests
  3 bullfrog skeletons
  23 orc wizards
  Terence (D:3)
  3 iguanas
  10 worker ants
  2 hound skeletons
  A hound zombie (D:7)
  2 howler monkey skeletons
  A worker ant zombie (D:6)
  12 gnolls
  7 adders
  3 shadow imps
  3 white imps
  5 ufetubi
  10 oozes
  An adder zombie (D:6)
  A worm (D:3)
  3 dart slugs
  8 leopard geckos
  84 orcs
  4 giant cockroaches
  8 hobgoblins
  11 jackals
  5 quokkas
  A ball python (D:2)
  A ball python skeleton (D:4)
  4 bats
  4 frilled lizards
  A giant cockroach zombie (D:6)
  12 goblins
  3 kobolds
  7 rats
1135 creatures vanquished.

Vanquished Creatures (collateral kills)
  Jorgrun (D:14)
  Kirke (Swamp:3)
  A fenstrider witch (Swamp:3)
  Louise (Swamp:1)
  An entropy weaver (Vaults:1)
  Harold (Lair:2)
  A catoblepas (Lair:6)
  A death yak (Lair:6)
  An orc high priest (Orc:2)
  A bog body (Swamp:1)
  A swamp dragon (Swamp:4)
  2 orc knights (Orc:2)
  7 wolf spiders
  A manticore (D:10)
  A will-o-the-wisp (Swamp:3)
  A slime creature (D:15)
  A torpor snail (Spider:4)
  A yaktaur (Vaults:1)
  6 redbacks
  A tarantella (Spider:4)
  2 yaks (Lair:6)
  2 vampire mosquitoes (Swamp:1)
  A warg (Orc:2)
  9 orc warriors (Orc:2)
  An ogre (Vaults:1)
  2 orc priests (Orc:2)
  2 orc wizards (Orc:2)
  An orc (Orc:2)
52 creatures vanquished.

Vanquished Creatures (others)
  A tyrant leech (Swamp:4)
  2 hornets (Swamp:4)
  3 spriggans (Swamp:4)
  3 humans (Swamp:3)
  28 foxfires
  29 fungi
  87 plants
153 creatures vanquished.

Grand Total: 1340 creatures vanquished

Notes
Turn   | Place    | Note
-------+----------+-------------------------------------------
     0 | D:1      | dtburroughs the Minotaur Berserker began the quest for the
                  | Orb.
     0 | D:1      | Reached XP level 1. HP: 19/19 MP: 0/0
   421 | D:1      | Reached XP level 2. HP: 27/27 MP: 1/1
  1004 | D:2      | Reached XP level 3. HP: 27/33 MP: 2/2
  1453 | D:3      | Noticed Terence
  1459 | D:3      | Found a faded altar of an unknown god.
  1466 | D:3      | Killed Terence
  1612 | D:3      | Reached XP level 4. HP: 30/41 MP: 3/3
  1823 | D:3      | Reached ** piety under Trog
  2299 | D:2      | Noticed Sigmund
  2309 | D:2      | Killed Sigmund
  2310 | D:2      | Reached skill level 5 in Fighting
  2310 | D:2      | Reached skill level 5 in Axes
  2310 | D:2      | Reached XP level 5. HP: 31/48 MP: 4/4
  3268 | D:3      | Reached XP level 6. HP: 42/56 MP: 5/5
  3950 | D:4      | Reached skill level 5 in Armour
  3950 | D:4      | Reached XP level 7. HP: 18/62 MP: 6/6
  4546 | D:4      | Reached *** piety under Trog
  4650 | D:4      | Reached skill level 1 in Evocations
  4818 | D:4      | Found a staircase to the Ecumenical Temple.
  4887 | D:5      | Entered Level 5 of the Dungeon
  4978 | D:5      | Noticed Ijyb
  4998 | D:5      | Noticed Ijyb
  4998 | D:5      | Ijyb changed into Ijyb the quokka
  5002 | D:5      | Killed Ijyb the quokka
  5236 | D:5      | Found a sacrificial altar of Ru.
  5296 | D:5      | Found a burning altar of Makhleb.
  5325 | D:5      | Reached skill level 5 in Dodging
  5348 | D:5      | Noticed Blork the orc
  5361 | D:5      | Killed Blork the orc
  5771 | D:6      | Reached XP level 8. HP: 70/71 MP: 7/7
  6005 | D:6      | Found a shadowy altar of Dithmenos.
  6452 | D:6      | Noticed Dowan
  6485 | D:6      | Killed Dowan
  6518 | D:6      | Noticed Duvessa
  6531 | D:6      | Killed Duvessa
  6829 | D:7      | Found Secegetz's Distillery.
  7379 | D:7      | Reached XP level 9. HP: 79/79 MP: 8/8
  7916 | D:7      | Reached **** piety under Trog
 10204 | D:9      | Reached XP level 10. HP: 90/90 MP: 9/9
 10260 | D:9      | Reached skill level 5 in Evocations
 10381 | D:9      | Found a transporter.
 10669 | D:9      | Found a transporter.
 10869 | D:10     | Entered Level 10 of the Dungeon
 10902 | D:10     | Found Refruzxalo's Jewellery Emporium.
 10999 | D:10     | Noticed Urug
 11043 | D:10     | Killed Urug
 11049 | D:10     | HP: 4/136 [orc warrior/+0 dire flail (13)]
 11067 | D:10     | Noticed a two-headed ogre
 11403 | D:10     | Noticed a manticore
 11409 | D:10     | Killed a manticore
 11413 | D:10     | Noticed Sonja
 11425 | D:10     | Killed Sonja
 11739 | D:10     | Noticed Josephine
 11747 | D:10     | Killed Josephine
 11748 | D:10     | Reached skill level 10 in Fighting
 11748 | D:10     | Reached skill level 10 in Axes
 11748 | D:10     | Reached XP level 11. HP: 88/99 MP: 10/10
 11889 | D:10     | Killed a two-headed ogre
 12036 | D:10     | Noticed a glowing orange brain
 12036 | D:10     | Noticed a glowing orange brain
 12036 | D:10     | Noticed a stone giant
 12039 | D:10     | Found a runed translucent door.
 12041 | D:10     | Noticed a fire giant
 12041 | D:10     | Noticed a yaktaur captain
 12041 | D:10     | Noticed a war gargoyle
 12041 | D:10     | Noticed a yaktaur captain
 12041 | D:10     | Noticed a frost giant
 12354 | D:10     | Reached skill level 10 in Armour
 12390 | D:10     | Found a staircase to the Lair.
 12644 | D:11     | Got a masterwork scale mail
 12670 | D:11     | Identified the +3 scale mail "Kipsir" {Harm Rampage} (You
                  | found it on level 11 of the Dungeon)
 13007 | D:11     | Noticed Erolcha
 13020 | D:11     | Killed Erolcha
 13037 | D:11     | Got a translucent cloak
 13055 | D:11     | Identified the +2 cloak of Dull Contentment {rC+ Int+6}
                  | (You found it on level 11 of the Dungeon)
 13206 | D:11     | Reached ***** piety under Trog
 13543 | D:11     | Found a sacrificial altar of Ru.
 13639 | D:11     | Found a portal to a secret trove of treasure.
 13772 | D:11     | Found a staircase to the Orcish Mines.
 14028 | Lair:1   | Entered Level 1 of the Lair of Beasts
 14753 | Lair:1   | Noticed an oklob plant
 14945 | Lair:1   | Found a sacrificial altar of Ru.
 15159 | Lair:2   | Found a transporter.
 15171 | Lair:2   | Noticed Diggabert's ghost (novice DEIE)
 15172 | Lair:2   | Found a bloodstained altar of Trog.
 15220 | Lair:2   | Reached skill level 10 in Dodging
 15239 | Lair:2   | Reached XP level 12. HP: 69/110 MP: 11/11
 15364 | Lair:2   | Identified the +9 demon trident "Demonbane" {vorpal, rPois
                  | Dex+4}
 15387 | Lair:2   | Found a transporter.
 15827 | Lair:2   | Found a staircase to the Swamp.
 16390 | Lair:2   | Noticed Harold
 16400 | Lair:2   | Killed Harold
 16592 | Lair:2   | Found a hole to the Spider Nest.
 18332 | Lair:4   | Noticed a death yak
 18675 | Lair:4   | Noticed a death yak
 18697 | Lair:4   | Noticed a death yak
 18713 | Lair:3   | Killed a death yak
 18903 | Lair:3   | Killed a death yak
 18905 | Lair:3   | Killed a death yak
 19245 | Lair:4   | Noticed a catoblepas
 19256 | Lair:4   | Killed a catoblepas
 19757 | Lair:5   | Noticed Snorg
 19767 | Lair:5   | Killed Snorg
 19768 | Lair:5   | Reached XP level 13. HP: 92/119 MP: 12/12
 19931 | Lair:5   | Found a staircase to the Slime Pits.
 20831 | Lair:6   | Entered Level 6 of the Lair of Beasts
 23255 | Lair:6   | Received a gift from Trog
 23580 | Lair:5   | Reached XP level 14. HP: 71/129 MP: 13/13
 24838 | D:12     | Found a runed translucent gate.
 24838 | D:12     | Found a runed translucent gate.
 24840 | D:12     | Found a runed translucent gate.
 24840 | D:12     | Noticed a brown very ugly thing
 24842 | D:12     | Noticed a brown very ugly thing
 24945 | D:12     | Reached skill level 10 in Evocations
 25216 | D:13     | Found Wynuotub's Antique Weapon Emporium.
 25374 | D:13     | Found a gate to the Vaults.
 25743 | D:13     | Found Arhest's Distillery.
 25881 | D:13     | Found Avyl's Book Shoppe.
 26086 | D:13     | Found Hobbuzox's Antique Weapon Emporium.
 26133 | D:13     | Found Baore Lai's Jewellery Boutique.
 26144 | D:13     | Received a gift from Trog
 26168 | D:13     | Bought an uncursed ring of willpower for 275 gold pieces
 26470 | Orc:1    | Entered Level 1 of the Orcish Mines
 26840 | Orc:2    | Entered Level 2 of the Orcish Mines
 27145 | Orc:2    | Found a roughly hewn altar of Beogh.
 29177 | Orc:2    | Found a staircase to the Elven Halls.
 29320 | Orc:2    | Found Zociskif's Book Boutique.
 29323 | Orc:2    | Found Mivuq's Antique Weapon Boutique.
 29326 | Orc:2    | Found Ibysed's Antique Weapon Shop.
 29327 | Orc:2    | Found Cijigg's Book Boutique.
 29965 | Swamp:1  | Entered Level 1 of the Swamp
 30570 | Lair:2   | Reached XP level 15. HP: 36/139 MP: 14/14
 31176 | D:14     | Noticed Jorgrun
 31191 | D:14     | HP: 4/139 [Jorgrun/iron shot (25)]
 31191 | D:14     | HP: 1/139 [Jorgrun/uncursed staff of earth (3)]
 31194 | D:14     | Killed Jorgrun
 32096 | D:14     | Paralysed by a hornet for 3 turns
 32488 | D:15     | Entered Level 15 of the Dungeon
 32510 | D:15     | Got a twisted leather armour
 33386 | D:15     | Found a staircase to the Depths.
 33472 | D:15     | Got a faintly glowing leather armour
 34031 | D:15     | Found a broken altar of Ashenzari.
 34160 | D:15     | Reached skill level 15 in Axes
 34412 | D:15     | Received a gift from Trog
 34426 | D:15     | Identified the +2 leather armour of the Endless Expanse
                  | {rC++} (You found it on level 15 of the Dungeon)
 34436 | D:15     | Identified the +2 leather armour of Lugonu's Fury {Rampage
                  | rF+ Dex+2} (You found it on level 15 of the Dungeon)
 35330 | D:15     | Reached skill level 15 in Fighting
 35729 | Spider:1 | Entered Level 1 of the Spider Nest
 36009 | Spider:1 | Noticed corevian's ghost (adept MiFi)
 36010 | Spider:1 | Found a transporter.
 36048 | Spider:1 | Found a transporter.
 36205 | Spider:1 | Reached skill level 15 in Armour
 39256 | Spider:2 | Reached XP level 16. HP: 149/149 MP: 15/15
 40616 | Spider:2 | Received a gift from Trog
 42462 | Spider:3 | Received a gift from Trog
 43343 | Spider:3 | Found a runed translucent door.
 43731 | Spider:3 | Reached skill level 15 in Dodging
 44164 | Spider:3 | Got a fine ring mail
 44175 | Spider:3 | Identified the cursed +1 ring mail of Sif Muna's Reproof
                  | {Rampage rCorr MP+9 Str-3} (You found it on level 3 of the
                  | Spider Nest)
 44583 | Spider:3 | Got a distressingly furry ring mail
 44597 | Spider:3 | Identified the +1 ring mail of Precision Catastrophes
                  | {Will+} (You found it on level 3 of the Spider Nest)
 44702 | Spider:4 | Entered Level 4 of the Spider Nest
 45583 | Spider:4 | Found a runed translucent gate.
 45583 | Spider:4 | Found a runed translucent gate.
 45770 | Spider:4 | Reached XP level 17. HP: 125/159 MP: 16/16
 48302 | Spider:4 | Found a runed translucent gate.
 48304 | Spider:4 | Noticed robloxmaster's ghost (adept MiBe)
 49317 | Spider:4 | Got a gossamer rune of Zot
 49652 | Swamp:1  | Received a gift from Trog
 49803 | Swamp:1  | Noticed Louise
 49839 | Swamp:1  | Killed Louise
 51466 | Swamp:2  | Noticed Donald
 51476 | Swamp:2  | Killed Donald
 52185 | Swamp:3  | Noticed Aizul
 52200 | Swamp:3  | Killed Aizul
 52842 | Swamp:3  | Paralysed by a fenstrider witch for 2 turns
 53577 | Swamp:3  | Noticed Mara
 53590 | Swamp:3  | Noticed Kirke
 53594 | Swamp:3  | Killed Kirke
 53679 | Swamp:3  | Killed Mara
 54359 | Swamp:4  | Entered Level 4 of the Swamp
 54378 | Swamp:4  | Reached XP level 18. HP: 102/170 MP: 7/17
 55210 | Swamp:4  | Noticed the 27-headed Lernaean hydra
 57475 | Swamp:4  | Got a decaying rune of Zot
 57788 | Vaults:1 | Entered Level 1 of the Vaults
 58164 | Vaults:1 | Found a magical portal.
 58175 | WizLab   | Entered Wucad Mu's Monastery
 59074 | Vaults:1 | Found Kagiba Efoen's Weapon Shop.
 59591 | Vaults:1 | HP: 7/171 [entropy weaver (6)]
 62740 | Vaults:2 | Found a ruined gateway.
 63328 | Vaults:2 | Found Pekiodag's Antique Armour Emporium.
 63522 | Vaults:2 | Noticed Asterion
 63524 | Vaults:2 | Found Buaphac's Book Shoppe.
 63538 | Vaults:2 | HP: 3/160 [Executioner[Asterion] (7)]
 63538 | Vaults:2 | Slain by an Executioner

Illustrated notes

Levels and vault maps discovered:
D:1:      wander_arrival_chamber, layout_loops_ring
D:2:      layout_basic, uniq_sigmund
D:3:      layout_loops_ring, chequers_ecumenical_altar_simple_redux,
          uniq_terence
D:4:      layout_rooms, minmay_temple_entry_fiery, kennysheep_nub
D:5:      layout_cave_pools, nicolae_ru_sacrificial_ziggurat,
          makhleb_blood_cavern_becter, uniq_blork_the_orc, uniq_ijyb
D:6:      layout_basic, grunt_ministairs_10, serial_bayou_pond_e,
          grunt_dithmenos_smoke, uniq_duvessa
D:7:      layout_loops_ring, serial_shops, nicolae_shop_stone, serial_bayou,
          serial_bayou_pond_c, serial_bayou_pond_b, serial_bayou_pond_d,
          serial_bayou_ford_a, kennysheep_small_circle
D:8:      layout_basic, grunt_decor_resistance, hangedman_little_slice_of_home
D:9:      gammafunk_cloud_chamber, layout_cave_pools, serial_gnoll_camp,
          gnoll_camp_mini_hut, gnoll_camp_mini_loothouse, gnoll_camp_mini_house,
          gnoll_camp_mini_doghouse, minmay_ruffians
D:10:     minmay_gate_of_8, layout_long_grid, erik_lair_dragon, serial_shops,
          nicolae_shop_trees, uniq_josephine, uniq_sonja, uniq_urug
D:11:     layout_big_octagon, orc_0_dummy, nicolae_trove_entry_diagonal,
          basic_altar, uniq_erolcha
D:12:     layout_loops_ring, ploomutoo_gammafunk_ghost_potion_laboratory
D:13:     layout_roguey, lightli_vaults_fourway_checkpoint, serial_shops,
          nicolae_shop_crystal, shop, shop, shop_fountains, kennysheep_mini_moat
D:14:     layout_gridville, infiniplex_staircase_zigzag_2, uniq_jorgrun
D:15:     hangedman_depths_entry_try_elsewhere_first, layout_stronghold,
          minmay_misc_feat_tower, nicolae_ashenzari_panopticon
Lair:1:   layout_misc_corridors, lemuel_oklob_altar
Lair:2:   layout_cave_pods, swamp_mist, nicolae_spider_entry_orb_guardian,
          gammafunk_ghost_wrathful_warriors, uniq_harold
Lair:3:   layout_cellular_growth
Lair:4:   layout_gridlike, chequers_serial_rivers_micro_e, grunt_megastairs_5,
          serial_bayou_shore_b, lemuel_fruit_fields
Lair:5:   layout_roguey, nicolae_slime_entry_slimehenge,
          nicolae_lair_grove_arrangements, uniq_snorg
Lair:6:   evilmike_catoblepas_cave, layout_cave_pods
Swamp:1:  layout_basic_swamp, evilmike_swamp_ruin_house_3, swamp_pool1,
          grunt_witch_cave, uniq_louise
Swamp:2:  layout_basic_swamp, evilmike_swamp_ruin_house_5, uniq_donald
Swamp:3:  layout_basic_swamp, hangedman_swamp_ruin_wall, swamp_pool1,
          infiniplex_staircase_pool, uniq_aizul, uniq_mara, uniq_kirke
Swamp:4:  swamp, layout_basic_swamp, nicolae_swamp_trees_clearing, swamp_pool3
Spider:1: layout_chambers, gammafunk_ghost_arena, worms_lemuel
Spider:2: cheibrodos_spider_silkery, hangedman_stitches_earthworm
Spider:3: cheibrodos_spider_deadly_dance
Spider:4: grunt_spider_rune_parallel, gammafunk_ghost_tricky_traps,
          nicolae_spider_circle_web
Orc:1:    layout_caves
Orc:2:    st_orc_pillars, layout_caves, basic_altar
Vaults:1: grunt_vaults_focal, v_misc_27, v_misc_33, vaults_room_boxed,
          v_misc_11, v_misc_2, vaults_room_stairs_pillars,
          nicolae_vaults_rhombus_5, v_rooms_6, ontoclasm_vaults_hangar,
          vaults_dpeg_cross, nicolae_vaults_know_your_exits, vaults_room_pools,
          layout_vaults_omnibox, serial_shops, shop, mu_enter_wizlab_4
Vaults:2: v_misc_5, nicolae_vaults_mini_display_case, v_misc_27,
          hangedman_vaults_stretched_pinwheel, hangedman_vaults_locks,
          nicolae_vaults_little_ls, hangedman_vaults_restitches,
          nicolae_vaults_diagonal_hallway_8, v_misc_30, layout_vaults_omnicross,
          portal_desolation_entry_nicolae_nacl, serial_shops, shop, shop,
          shop_fountains, shop, uniq_asterion

Skill      XL: |  1  2  3  4  5  6  7  8  9 10 11 12 13 14 15 16 17 18 |
---------------+-------------------------------------------------------+-----
Axes           | 4 5 6 7 8 10 11 12 13 14 15 16 17 18 | 18.2
Fighting       | 4 5 6 7 8 10 11 12 13 14 15 16 17 18 | 18.1
Armour         | 3 4 5 7 8 9 10 12 13 14 15 16 17 18 | 18.1
Dodging        | 3 4 5 6 7 8 10 11 12 13 14 15 16 | 16.8
Evocations     | 2 3 4 6 7 8 9 10 11 12 13 14 | 14.1

Action                   |  1- 3 |  4- 6 |  7- 9 | 10-12 | 13-15 | 16-18 || total
-------------------------+-------+-------+-------+-------+-------+-------++-------
Melee: Hand axe          |    65 |   120 |       |       |       |       ||   185
       Headbutt          |     7 |    23 |    69 |   100 |   287 |   300 ||   786
       Morningstar       |       |    14 |   185 |       |       |       ||   199
       War axe           |       |       |   126 |       |    35 |       ||   161
       Battleaxe         |       |       |    68 |   295 |   505 |       ||   868
       Eveningstar       |       |       |       |   240 |    63 |       ||   303
       Executioner's axe |       |       |       |       |   280 |       ||   280
       Broad axe         |       |       |       |       |   239 |  1325 ||  1564
Invok: Berserk           |     1 |       |       |     1 |       |       ||     2
       Trog's Hand       |       |     2 |     3 |     2 |    10 |    11 ||    28
       Brothers in Arms  |       |       |       |     2 |     6 |    12 ||    20
Evoke: Wand              |       |       |     2 |    21 |    15 |    56 ||    94
       Tin of tremorston |       |       |       |       |       |     3 ||     3
       Box of beasts     |       |       |       |       |       |     2 ||     2
       Condenser vane    |       |       |       |       |       |     2 ||     2
  Use: Scroll            |       |       |     8 |     5 |    18 |    25 ||    56
       Potion            |       |       |       |       |     6 |    21 ||    27
 Stab: Paralysed         |       |       |       |       |     2 |       ||     2
       Distracted        |       |       |       |       |     1 |     1 ||     2
       Held in net/web   |       |       |       |       |       |     1 ||     1
       Confused          |       |       |       |       |       |     1 ||     1
Armor: Animal skin       |    14 |     7 |       |       |       |       ||    21
       Scale mail        |       |    33 |    51 |       |       |       ||    84
       Chain mail        |       |       |   100 |    44 |       |       ||   144
       Plate armour      |       |       |       |   215 |   683 |   295 ||  1193
       Ring mail         |       |       |       |       |       |   590 ||   590
Dodge: Dodged            |    56 |    75 |   240 |   493 |   881 |   981 ||  2726
Block: Buckler           |       |       |       |    35 |       |       ||    35
       Kite shield       |       |       |       |       |   186 |  1140 ||  1326
       Reflection        |       |       |       |       |       |    36 ||    36
